 Dungeon Crawl Stone Soup version 0.28-a0-1234-g826d19b2e0 (webtiles) character file.

Game seed: 9693714456333090956

81 blank1 the Shield-Bearer (level 4, -1/40 HPs)
             Began as a Minotaur Fighter on Dec 23, 2021.
             Slain by Crazy Yiuf (5 damage)
             ... while petrified by Crazy Yiuf
             ... on level 3 of the Dungeon on Dec 24, 2021.
             The game lasted 00:02:49 (1440 turns).

blank1 the Shield-Bearer (Minotaur Fighter)         Turns: 1440, Time: 00:02:49

Health: -1/40      AC:  7    Str: 23    XL:     4   Next: 20%
Magic:  3/3        EV:  2    Int:  5    God:
Gold:   61         SH:  0    Dex:  9    Spells: 3/3 levels left

rFire   . . .      SeeInvis .   a - +0 war axe
rCold   . . .      Faith    .   c - +0 buckler
rNeg    + + +      Spirit   .   b - +0 scale mail
rPois   ∞          Reflect  .   (helmet restricted)
rElec   .          Harm     .   (no cloak)
rCorr   .          Rampage  .   (no gloves)
Will    .....                   (no boots)
Stlth   ..........              (no amulet)
HPRegen 0.13/turn               (no ring)
MPRegen 0.08/turn               (no ring)

@: agile, petrified, hasted
A: horns 2, retaliatory headbutt
a: no special abilities


You were on level 3 of the Dungeon.
You visited 1 branch of the dungeon, and saw 3 of its levels.

You collected 61 gold pieces.

Inventory:

Hand Weapons
 a - a +0 war axe (weapon)
Armour
 b - a +0 scale mail (worn)
 c - a +0 buckler (worn)
Scrolls
 e - 2 scrolls of identify {unknown}
 f - a scroll of magic mapping {unknown}
 l - a scroll of teleportation {unknown}
 m - a scroll of fog {unknown}
 n - 3 scrolls of torment {unknown}
Potions
 d - a potion of might
 g - a potion of degeneration {unknown}
 h - a potion of resistance {unknown}
 i - 3 potions of brilliance {unknown}
 j - a potion of magic {unknown}
 k - a potion of haste {unknown}


   Skills:
 - Level 4.0 Fighting
 + Level 4.0 Axes
 - Level 4.0 Armour
 - Level 2.0 Dodging
 - Level 4.0 Shields


You had 3 spell levels left.
You didn't know any spells.
Your spell library was empty.

Dungeon Overview and Level Annotations

Branches:
Dungeon (3/15)

Altars:

Annotations:
D:3 Crazy Yiuf


Innate Abilities, Weirdness & Mutations

You have a pair of horns on your head.
You reflexively headbutt those who attack you in melee.


Message History

Found a mace.
Items here: ( )) [ †††.
Found a mace.
You see here a +0 mace.
Found seven maces.
Found a runed translucent door.
You see here a +0 mace.
Found a mace.
Crazy Yiuf shouts!
You see here a +0 mace.
You see here a +0 mace.
Found three maces.
Crazy Yiuf screams, "Hack senile testudinal!"
You see here a +0 mace.
You open the door. You barely miss Crazy Yiuf. Your headbutt misses Crazy Yiuf.
Crazy Yiuf yells, "Blight King snockshim!"
Crazy Yiuf hits you with a +2 quarterstaff of chaos.
You are slowing down.
You hit Crazy Yiuf. You headbutt Crazy Yiuf!
Crazy Yiuf is heavily wounded.
Crazy Yiuf hits you with a +2 quarterstaff of chaos. x2
You feel agile all of a sudden.
You have turned to stone.
Crazy Yiuf hits you with a +2 quarterstaff of chaos.
You are electrocuted!
Crazy Yiuf hits you with a +2 quarterstaff of chaos!
You feel yourself speed up. Crazy Yiuf hits you but does no damage.
Crazy Yiuf says, "Ice senile Hive!"
Crazy Yiuf hits you with a +2 quarterstaff of chaos!
* * * LOW HITPOINT WARNING * * *
Crazy Yiuf burns you.
* * * LOW HITPOINT WARNING * * *
Crazy Yiuf says, "Snower!
Goldfish noodlescoop horse."
Crazy Yiuf hits you with a +2 quarterstaff of chaos.
* * * LOW HITPOINT WARNING * * *
Crazy Yiuf freezes you.
* * * LOW HITPOINT WARNING * * *
Crazy Yiuf hits you with a +2 quarterstaff of chaos!
You die...

##### #).)#
#)))# )))
#g# ♣@♣♣
♣♣)♣ ♣)♣♣
##### ♣♣)♣
....# ♣♣)♣♣
###.#
♣♣..)♣
###)#######
♣....♣
#.........#
#....#
#.#.#####.#
###....####


You could see Crazy Yiuf.

Vanquished Creatures
  A hound skeleton (D:3)
  An adder (D:3)
  2 dart slugs
  5 orcs (D:3)
  4 bats
  3 endoplasms
  3 giant cockroaches (D:1)
  2 hobgoblins
  7 jackals
  3 quokkas
  2 ball pythons
  2 frilled lizards
  5 kobolds
  10 rats
50 creatures vanquished.

Vanquished Creatures (others)
  4 fungi (D:1)
4 creatures vanquished.

Grand Total: 54 creatures vanquished

Notes
Turn   | Place    | Note
-------+----------+-------------------------------------------
     0 | D:1      | blank1 the Minotaur Fighter began the quest for the Orb.
     0 | D:1      | Reached XP level 1. HP: 19/19 MP: 0/0
    92 | D:1      | Reached XP level 2. HP: 27/27 MP: 1/1
   565 | D:1      | Reached skill level 1 in Dodging
   639 | D:1      | Found a faded altar of an unknown god.
   734 | D:2      | Reached XP level 3. HP: 32/33 MP: 2/2
  1274 | D:3      | Reached XP level 4. HP: 35/40 MP: 3/3
  1428 | D:3      | Found a runed translucent door.
  1429 | D:3      | Noticed Crazy Yiuf
  1440 | D:3      | Slain by Crazy Yiuf

Illustrated notes

Levels and vault maps discovered:
D:1:      dpeg_arrival_prison, layout_rooms,
          shapermc_ecumenical_altar_mp_urbaneastern
D:2:      layout_basic, nrook_loot_triangle, minmay_misc_feat_doors,
          grunt_decor_one_mirror
D:3:      layout_loops_ring, solitary_fountain, dk_noncrumbling_2,
          uniq_crazy_yiuf_cottage

Skill      XL: |  1  2  3  4 |
---------------+-------------+-----
Dodging        | 1 2 |  2.0
Shields        | 4 |  4.0
Fighting       | 4 |  4.0
Axes           | 3 4 |  4.0
Armour         | 4 |  4.0

Action                   |  1- 3 |  4- 6 || total
-------------------------+-------+-------++-------
Melee: War axe           |    90 |    14 ||   104
       Headbutt          |    17 |     2 ||    19
Armor: Scale mail        |    46 |     2 ||    48
Dodge: Dodged            |    42 |     7 ||    49
Block: Buckler           |    25 |     3 ||    28

Table legend: (Time is in decaauts)
 A = Elapsed time spent in this place.
 B = Non-inter-level travel time spent in this place.
 C = Inter-level travel time spent in this place.
 D = Time resting spent in this place.
 E = Time spent auto-exploring this place.
 F = Levels seen in this place.
 G = Mean time per level.
                   A        B        C        D        E       F      G
               +--------+--------+--------+--------+--------+-----+--------+
         Total |   1476 |   1420 |     56 |      0 |   1122 |   3 |  492.0 |
       Dungeon |   1476 |   1420 |     56 |      0 |   1122 |   3 |  492.0 |
               +--------+--------+--------+--------+--------+-----+--------+

Top non-repeatable levels by time:
     D:1: 685 daAuts
     D:2: 535 daAuts
     D:3: 255 daAuts
